 Dungeon Crawl Stone Soup version 0.20.1-1-g8b1a95d (webtiles) character file.

89 McKennaii the Insei (level 4, -4/35 HPs)
             Began as a Draconian Transmuter on July 21, 2017.
             Slain by a phantom (6 damage)
             ... on level 4 of the Dungeon.
             The game lasted 00:02:28 (2541 turns).

McKennaii the Insei (Draconian Transmuter)          Turns: 2541, Time: 00:02:28

Health: -4/35      AC:  6    Str: 12    XL:     4   Next: 31%
Magic:  0/7        EV: 13    Int: 14    God:
Gold:   41         SH:  0    Dex: 12    Spells: 4/7 levels left

rFire    + . .     SeeInvis .     - Unarmed
rCold    + . .     Gourm    .   (no shield)
rNeg     . . .     Faith    .   (armour unavailable)
rPois    .         Spirit   .   (helmet restricted)
rElec    .         Reflect  .   (no cloak)
rCorr    .         Harm     .   (no gloves)
MR       .....                  k - +0 pair of boots
Stlth    +.........             (no amulet)
Regen    0.2/turn               e - ring of protection from fire
MPRegen  0.1/turn               f - ring of protection from cold

@: very slightly contaminated
A: unfitting armour, cold-blooded, AC +5
a: no special abilities


You were on level 4 of the Dungeon.
You were hungry.

You visited 1 branch of the dungeon, and saw 4 of its levels.

You collected 41 gold pieces.

Inventory:

Missiles
 a - 28 arrows
Armour
 k - a +0 pair of boots (worn)
Jewellery
 e - a ring of protection from fire (left hand)
 f - a ring of protection from cold (right hand)
Scrolls
 d - a scroll of immolation {unknown}
 h - 2 scrolls of remove curse {unknown}
 j - 2 scrolls of identify {unknown}
 m - a scroll of teleportation {unknown}
 n - 2 scrolls of fear {unknown}
 o - 2 scrolls of amnesia {unknown}
 r - a scroll of magic mapping {unknown}
Potions
 g - 2 potions of curing {unknown}
 i - a potion of lignification {unknown}
 q - 2 potions of invisibility {unknown}
 t - a potion of flight {unknown}
 u - a potion of agility {unknown}
Books
 b - a book of Changes

   Spells                             Type                      Level
   a - Beastly Appendage              Transmutation                1
   b - Sticks to Snakes               Transmutation                2
   c - Spider Form                    Transmutation/Poison         3
   d - Ice Form                       Ice/Transmutation            4
   e - Blade Hands                    Transmutation                5
Comestibles
 c - 2 bread rations
 l - a royal jelly
 p - a chunk of flesh
 s - a meat ration


   Skills:
 + Level 1.3 Fighting
 + Level 2.7 Dodging
 + Level 0.6 Stealth
 + Level 3.9 Unarmed Combat
 + Level 2.1 Spellcasting
 * Level 2.6 Transmutations


You had 4 spell levels left.
You knew the following spells:

 Your Spells              Type           Power        Failure   Level  Hunger
a - Beastly Appendage     Tmut           #.....       9%          1    #......
b - Sticks to Snakes      Tmut           #.......     12%         2    ###....


Dungeon Overview and Level Annotations

Branches:
Dungeon (4/15)
 Temple: D:4-7

Altars:

Annotations:
D:3 ajx's ghost, amateur MiBe


Innate Abilities, Weirdness & Mutations

Your plain brown scales are hard. (AC +5)
You cannot fit into any form of body armour.
You are cold-blooded and may be slowed by cold attacks.


Message History

You create a snake!
You now have 28 arrows.
The phantom hits you but does no damage.
You miss the phantom.
The phantom is lightly damaged.
The phantom completely misses you.
You hit the phantom.
The phantom is moderately damaged.
The phantom hits you!
* * * LOW HITPOINT WARNING * * *
Your ball python misses the phantom.
You completely miss the phantom.
The phantom is moderately damaged.
The phantom hits you!
* * * LOW HITPOINT WARNING * * *
The phantom blinks!
You swap places.
You miss the phantom.
The phantom is moderately damaged.
Your ball python misses the phantom.
The phantom hits you.
You die...

.. .# ##.
... ♣♣♣♣
#.# #..#
#.#
#..###.#
##......##
#..###@..#
#.##.WS.(#
#.##)###.#
♣.#..#
#..#
♣.#.##
##...
♣....#
..##
♣....# ..#
♣....# .##
♣....## .#


You could see a phantom and a friendly ball python.

Vanquished Creatures
  3 adders
  A worm (D:2)
  3 dart slugs
  2 leopard geckos
  2 orcs
  10 bats
  2 giant cockroaches (D:3)
  3 goblins (D:1)
  7 hobgoblins
  2 jackals (D:2)
  A quokka (D:2)
  A ball python (D:2)
  3 frilled lizards
  4 kobolds
  7 rats
51 creatures vanquished.

Notes
Turn   | Place    | Note
-------+----------+-------------------------------------------
     0 | D:1      | McKennaii the Draconian Transmuter began the quest for the Orb.
     0 | D:1      | Reached XP level 1. HP: 16/16 MP: 3/3
   352 | D:1      | Reached XP level 2. HP: 23/23 MP: 5/5
  1152 | D:2      | Learned a level 2 spell: Sticks to Snakes
  1170 | D:2      | Reached XP level 3. HP: 23/28 MP: 6/6
  2041 | D:3      | Reached XP level 4. HP: 33/35 MP: 7/7
  2290 | D:3      | Noticed ajx's ghost (amateur MiBe)
  2516 | D:4      | Noticed a phantom
  2541 | D:4      | Slain by a phantom

Skill      XL: |  1 |
---------------+----+-----
Dodging        | 2 |  2.7
Fighting       | |  1.3
Stealth        | |  0.6
Unarmed Combat | |  3.9
Spellcasting   | |  2.1
Transmutations | |  2.6

Action                   |  1- 3 |  4- 6 || total
-------------------------+-------+-------++-------
Melee: Unarmed           |   170 |    61 ||   231
       Tailslap          |    13 |     9 ||    22
       Punch             |     3 |       ||     3
 Cast: Sticks to Snakes  |       |     3 ||     3
 Stab: Sleeping          |     3 |     1 ||     4
  Eat: Chunk             |     2 |     3 ||     5
Armor: Skin              |    51 |    16 ||    67
Dodge: Dodged            |   124 |    32 ||   156
